3L
HARTFORD WHALERS @ CHICAGO HAWKS
08/27/2020
 
TOP OF THE 1ST
Hartford Whalers batting - Pitching for Chicago Hawks : RHP Benny York
Pitching: RHP Benny York
Batting: LHB Gerald Holloway 0-0: Ball
1-0: Ground out 1-3 (Groundball, 23)
Batting: LHB José Marín 0-0: Ball
1-0: Foul Ball, location: 2F
1-1: Foul Ball, location: 2F
1-2: Ball
2-2: Ball
3-2: Foul Ball, location: 2F
3-2: Foul Ball, location: 2F
3-2: Foul Ball, location: 2F
3-2: Ground out U3 (Groundball, 3)
Batting: LHB César Durán 0-0: Ball
1-0: Foul Ball, location: 2F
1-1: Foul Ball, location: 2F
1-2: Foul Ball, location: 2F
1-2: SINGLE (Groundball, 34D)
Batting: RHB Nate Cates 0-0: Called Strike
0-1: Foul Ball, location: 2F
0-2: Ball
1-2: Ball
2-2: Fly out, F9 (Flyball, 89D)
Top of the 1st over - 0 run(s), 1 hit(s), 0 error(s), 1 left on base; Hartford 0 - Chicago 0
BOTTOM OF THE 1ST
Chicago Hawks batting - Pitching for Hartford Whalers : LHP Lorenzo Sánchez
Pitching: LHP Lorenzo Sánchez
Batting: RHB Ji-chol Yang 0-0: Ground out 6-3 (Groundball, 6MS)
Batting: RHB Ed Whitaker 0-0: Called Strike
0-1: DOUBLE (Line Drive, 7LD)
Batting: LHB Mal Wadley 0-0: Ball
1-0: Ball
2-0: Fly out, F7 (Flyball, 7LM)
Batting: RHB Ben Ross 0-0: SINGLE (Groundball, 56)
Ed Whitaker to third
Runner from 3rd tries for Home, SAFE, no throw or cutoff
Batting: RHB Joe Guy 0-0: Ball
1-0: Called Strike
1-1: DOUBLE (Line Drive, 7D)
Ben Ross to third
Runner from 3rd tries for Home, SAFE, throw made home
Batting: LHB Bill Griffin 0-0: Ball
1-0: Ground out 4-3 (Groundball, 4)
Bottom of the 1st over - 2 run(s), 3 hit(s), 0 error(s), 1 left on base; Hartford 0 - Chicago 2
TOP OF THE 2ND
Hartford Whalers batting - Pitching for Chicago Hawks : RHP Benny York
Batting: RHB Russell Jackson 0-0: Fly out, F8 (Flyball, 8RS)
Batting: RHB Mike Brown 0-0: Ball
1-0: Ball
2-0: Called Strike
2-1: Foul Ball, location: 2F
2-2: SINGLE (Line Drive, 56)
Batting: RHB Michael Collins 0-0: Fly out, F5 (Line Drive, 56)
Batting: RHB Akahele Kimokeo 0-0: Ground out 6-3 (Groundball, 6)
Top of the 2nd over - 0 run(s), 1 hit(s), 0 error(s), 1 left on base; Hartford 0 - Chicago 2
BOTTOM OF THE 2ND
Chicago Hawks batting - Pitching for Hartford Whalers : LHP Lorenzo Sánchez
Batting: RHB Bryan Manning 0-0: Called Strike
0-1: Ball
1-1: Foul Ball, location: 2F
1-2: Ball
2-2: Strikes out swinging
Batting: LHB Jeremiah Spencer 0-0: Ball
1-0: Foul Ball, location: 2F
1-1: Swinging Strike
1-2: Foul Ball, location: 2F
1-2: SINGLE (Line Drive, 6D)
Batting: RHB Benny York 0-0: Ball
1-0: Ball
2-0: Sac Bunt - play at first, batter OUT! 1-4
Jeremiah Spencer to second
Batting: RHB Ji-chol Yang 0-0: Called Strike
0-1: Ball
1-1: Foul Ball, location: 2F
1-2: Ball
2-2: Foul Ball, location: 2F
2-2: Ball
3-2: Foul Ball, location: 2F
3-2: Base on Balls
Batting: RHB Ed Whitaker 0-0: Ground out 6-3 (Groundball, 6)
Bottom of the 2nd over - 0 run(s), 1 hit(s), 0 error(s), 2 left on base; Hartford 0 - Chicago 2
TOP OF THE 3RD
Hartford Whalers batting - Pitching for Chicago Hawks : RHP Benny York
Batting: LHB Lorenzo Sánchez 0-0: Swinging Strike
0-1: Foul Ball, location: 2F
0-2: SINGLE (Groundball, 3D)
Batting: LHB Gerald Holloway 0-0: Called Strike
0-1: Called Strike
0-2: Ball
1-2: Ball
2-2: Ball
3-2: SINGLE (Line Drive, 78S)
Lorenzo Sánchez to second
Batting: LHB José Marín 0-0: Ball
1-0: Called Strike
1-1: Swinging Strike
1-2: Ball
2-2: Ball
3-2: Strikes out looking
Batting: LHB César Durán 0-0: Ball
1-0: Ball
2-0: Called Strike
2-1: Swinging Strike
2-2: Strikes out swinging
Batting: RHB Nate Cates 0-0: Ball
1-0: Swinging Strike
1-1: Ball
2-1: DOUBLE (Groundball, 5L)
Lorenzo Sánchez scores
Gerald Holloway to third
Runner from 3rd tries for Home, SAFE, no throw or cutoff
Batting: RHB Russell Jackson 0-0: Called Strike
0-1: Swinging Strike
0-2: Strikes out swinging
Top of the 3rd over - 2 run(s), 3 hit(s), 0 error(s), 1 left on base; Hartford 2 - Chicago 2
BOTTOM OF THE 3RD
Chicago Hawks batting - Pitching for Hartford Whalers : LHP Lorenzo Sánchez
Batting: LHB Mal Wadley 0-0: Fly out, F1 (Popup, 15S)
Batting: RHB Ben Ross 0-0: Ground out 1-3 (Groundball, 15S)
Batting: RHB Joe Guy 0-0: Called Strike
0-1: Called Strike
0-2: Ground out 4-3 (Groundball, 4M)
Bottom of the 3rd over - 0 run(s), 0 hit(s), 0 error(s), 0 left on base; Hartford 2 - Chicago 2
TOP OF THE 4TH
Hartford Whalers batting - Pitching for Chicago Hawks : RHP Benny York
Batting: RHB Mike Brown 0-0: Ground out 6-3 (Groundball, 6)
Batting: RHB Michael Collins 0-0: Called Strike
0-1: Fly out, F7 (Line Drive, 7M)
Batting: RHB Akahele Kimokeo 0-0: Ball
1-0: SINGLE (Line Drive, 56)
Batting: LHB Lorenzo Sánchez 0-0: Ball
1-0: Ball
2-0: Ball
3-0: Foul Ball, location: 2F
3-1: Fly out, F6 (Line Drive, 6)
Top of the 4th over - 0 run(s), 1 hit(s), 0 error(s), 1 left on base; Hartford 2 - Chicago 2
BOTTOM OF THE 4TH
Chicago Hawks batting - Pitching for Hartford Whalers : LHP Lorenzo Sánchez
Batting: LHB Bill Griffin 0-0: Ball
1-0: Ground out 4-3 (Groundball, 4)
Batting: RHB Bryan Manning 0-0: Called Strike
0-1: Ball
1-1: Ball
2-1: Ground out 1-3 (Groundball, 25)
Batting: LHB Jeremiah Spencer 0-0: Ground out 4-3 (Groundball, 4)
Bottom of the 4th over - 0 run(s), 0 hit(s), 0 error(s), 0 left on base; Hartford 2 - Chicago 2
TOP OF THE 5TH
Hartford Whalers batting - Pitching for Chicago Hawks : RHP Benny York
Batting: LHB Gerald Holloway 0-0: Fly out, F5 (Popup, 5SF)
Batting: LHB José Marín 0-0: Foul Ball, location: 2F
0-1: Called Strike
0-2: Ground out U3 (Groundball, 3L)
Batting: LHB César Durán 0-0: Ball
1-0: Ball
2-0: Ball
3-0: Called Strike
3-1: SINGLE (Line Drive, 6MD)
Batting: RHB Nate Cates 0-0: Ball
1-0: Ball
2-0: Ball
3-0: Foul Ball, location: 2F
3-1: Foul Ball, location: 2F
3-2: Foul Ball, location: 2F
3-2: Base on Balls
César Durán to second
Batting: RHB Russell Jackson 0-0: Ball
1-0: Swinging Strike
1-1: Foul Ball, location: 2F
1-2: Strikes out looking
Top of the 5th over - 0 run(s), 1 hit(s), 0 error(s), 2 left on base; Hartford 2 - Chicago 2
BOTTOM OF THE 5TH
Chicago Hawks batting - Pitching for Hartford Whalers : LHP Lorenzo Sánchez
Batting: RHB Benny York 0-0: Called Strike
0-1: SINGLE (Line Drive, 6M)
Batting: RHB Ji-chol Yang 0-0: Sac Bunt - play at first, batter OUT! 1-3
Benny York to second
Batting: RHB Ed Whitaker 0-0: Foul Ball, location: 2F
0-1: Fly out, F9 (Flyball, 89M)
Batting: LHB Mal Wadley 0-0: Fly out, F9 (Line Drive, 9M)
Bottom of the 5th over - 0 run(s), 1 hit(s), 0 error(s), 1 left on base; Hartford 2 - Chicago 2
TOP OF THE 6TH
Hartford Whalers batting - Pitching for Chicago Hawks : RHP Benny York
Batting: RHB Mike Brown 0-0: Ball
1-0: Swinging Strike
1-1: Foul Ball, location: 2F
1-2: Foul Ball, location: 2F
1-2: Foul Ball, location: 2F
1-2: Strikes out swinging
Batting: RHB Michael Collins 0-0: SINGLE (Line Drive, 56)
Batting: RHB Akahele Kimokeo 0-0: Fly out, F9 (Line Drive, 89M)
Batting: LHB Lorenzo Sánchez 0-0: Ball
1-0: Foul Ball, location: 2F
1-1: Ball
2-1: Ball
3-1: Foul Ball, location: 2F
3-2: Base on Balls
Michael Collins to second
Batting: LHB Gerald Holloway 0-0: Fly out, F7 (Flyball, 7LSF)
Top of the 6th over - 0 run(s), 1 hit(s), 0 error(s), 2 left on base; Hartford 2 - Chicago 2
BOTTOM OF THE 6TH
Chicago Hawks batting - Pitching for Hartford Whalers : LHP Lorenzo Sánchez
Batting: RHB Ben Ross 0-0: DOUBLE (Flyball, 7LS)
Batting: RHB Joe Guy 0-0: Ball
1-0: Fly out, F7 (Flyball, 78M)
Batting: LHB Bill Griffin 0-0: Called Strike
0-1: Ground out 4-3 (Groundball, 34)
Ben Ross to third
Batting: RHB Bryan Manning 0-0: Called Strike
0-1: Ball
1-1: Ball
2-1: Foul Ball, location: 2F
2-2: Foul Ball, location: 2F
2-2: Ball
3-2: Base on Balls
Batting: LHB Jeremiah Spencer 0-0: Called Strike
0-1: Foul Ball, location: 2F
0-2: Ground out 5-3 (Groundball, 5)
Bottom of the 6th over - 0 run(s), 1 hit(s), 0 error(s), 2 left on base; Hartford 2 - Chicago 2
TOP OF THE 7TH
Hartford Whalers batting - Pitching for Chicago Hawks : RHP Benny York
Batting: LHB José Marín 0-0: Called Strike
0-1: SINGLE (Groundball, 5D)
Batting: LHB César Durán 0-0: Ball
1-0: Called Strike
1-1: Foul Ball, location: 2F
1-2: Strikes out swinging
Batting: RHB Nate Cates 0-0: Foul Ball, location: 2F
0-1: Fly out, F4 (Popup, 34)
Batting: RHB Russell Jackson 0-0: Ball
1-0: Called Strike
1-1: Ball
2-1: Called Strike
2-2: Ball
3-2: Base on Balls
José Marín to second
Batting: RHB Mike Brown 0-0: Ball
1-0: Ground out 6-3 (Groundball, 6)
Top of the 7th over - 0 run(s), 1 hit(s), 0 error(s), 2 left on base; Hartford 2 - Chicago 2
BOTTOM OF THE 7TH
Chicago Hawks batting - Pitching for Hartford Whalers : LHP Lorenzo Sánchez
Pinch Hitting: LHB Motoshige Kitamura 0-0: Ball
1-0: Ground out 4-3 (Groundball, 34)
Batting: RHB Ji-chol Yang 0-0: SINGLE (Line Drive, 4MD)
Batting: RHB Ed Whitaker 0-0: Called Strike
0-1: Swinging Strike
0-2: Ball
1-2: Grounds into double play, 6-4-3 (Groundball, 6)
Bottom of the 7th over - 0 run(s), 1 hit(s), 0 error(s), 0 left on base; Hartford 2 - Chicago 2
TOP OF THE 8TH
Hartford Whalers batting - Pitching for Chicago Hawks : RHP Benny York
Pitching: RHP Robinson Gonzáles
Batting: RHB Michael Collins 0-0: Ball
1-0: Foul Ball, location: 2F
1-1: Ball
2-1: Ball
3-1: Foul Ball, location: 2F
3-2: Fly out, F3 (Popup, 3S)
Pinch Hitting: RHB Javier Díaz 0-0: Called Strike
0-1: Fly out, F8 (Flyball, 8RM)
Pinch Hitting: RHB Dave Farr 0-0: Called Strike
0-1: Ball
1-1: Ground out 6-3 (Groundball, 6)
Top of the 8th over - 0 run(s), 0 hit(s), 0 error(s), 0 left on base; Hartford 2 - Chicago 2
BOTTOM OF THE 8TH
Chicago Hawks batting - Pitching for Hartford Whalers : LHP Lorenzo Sánchez
Pitching: RHP Juan Hernández
Now at SS: Javier Díaz
Batting: LHB Mal Wadley 0-0: Ground out 4-3 (Groundball, 34)
Batting: RHB Ben Ross 0-0: Ball
1-0: Ball
2-0: Ball
3-0: Called Strike
3-1: Called Strike
3-2: Strikes out swinging
Batting: RHB Joe Guy 0-0: Called Strike
0-1: SOLO HOME RUN (Flyball, 7D), Distance : 343 ft
Batting: LHB Bill Griffin 0-0: Ball
1-0: Ball
2-0: Called Strike
2-1: Swinging Strike
2-2: Foul Ball, location: 2F
2-2: Strikes out swinging
Bottom of the 8th over - 1 run(s), 1 hit(s), 0 error(s), 0 left on base; Hartford 2 - Chicago 3
TOP OF THE 9TH
Hartford Whalers batting - Pitching for Chicago Hawks : RHP Robinson Gonzáles
Pitching: RHP Jim Dixon
Now at 2B: Ted Young
Batting: LHB Gerald Holloway 0-0: Swinging Strike
0-1: Ground out 4-3 (Groundball, 4M)
Batting: LHB José Marín 0-0: Ball
1-0: Called Strike
1-1: Called Strike
1-2: Ground out 1-3 (Groundball, 15S)
Batting: LHB César Durán 0-0: Ball
1-0: Ball
2-0: Foul Ball, location: 2F
2-1: Ball
3-1: Base on Balls
Batting: RHB Nate Cates 0-0: Fly out, F7 (Flyball, 78S)
Top of the 9th over - 0 run(s), 0 hit(s), 0 error(s), 1 left on base; Hartford 2 - Chicago 3
This league is powered by Out of the Park Baseball, the baseball management simulation game for PC, Mac and Linux
Friday, October 23rd, 2015 - OOTP Baseball 16.9 Build 39